 Dungeon Crawl Stone Soup version 0.17-a0-2118-g63bad21 (webtiles) character file.

479 4thArraOfDagon the Twirler (level 6, 1/48 HPs)
             Began as a Demonspawn Gladiator on Oct 20, 2015.
             Quit the game on level 3 of the Dungeon.
             The game lasted 00:06:47 (1166 turns).

4thArraOfDagon the Twirler (Demonspawn Gladiator)   Turns: 1166, Time: 00:06:47

Health: 1/48       AC:  8    Str: 15    XL:     6   Next: 86%
Magic:  6/6        EV: 11    Int: 12    God:
Gold:   157        SH:  0    Dex: 13    Spells: 0 memorised, 5 levels left

rFire  + . .     SeeInvis .     o - +2 war axe (freeze)
rCold  . . .     Clarity  .     i - +0 scale mail
rNeg   . . .     SustAt   .     (no shield)
rPois  .         Gourm    .     c - +1 helmet
rElec  .         Spirit   .     (no cloak)
rCorr  +         Warding  .     (no gloves)
rMut   .         Stasis   .     (no boots)
MR     .....                    j - amulet of resist corrosion
Stlth  ..........               (no ring)
                                k - ring of protection from fire

@: lethally poisoned (1 -> -5), very slightly contaminated, not resistant to
hostile enchantments, extremely unstealthy
A: claws 1, powered by pain 1, rot immunity
a: no special abilities


You were on level 3 of the Dungeon.
You were hungry.

You visited 1 branch of the dungeon, and saw 6 of its levels.
You also visited: Sewer.

You collected 157 gold pieces.

Inventory:

Hand Weapons
 a - a +0 quarterstaff
 o - a +2 war axe of freezing (weapon)
Missiles
 n - a throwing net (quivered)
Armour
 c - a +1 helmet (worn)
 i - a +0 scale mail (worn)
Jewellery
 j - an amulet of resist corrosion (around neck)
 k - a ring of protection from fire (left claw)
Wands
 d - a wand of slowing (16)
Scrolls
 f - 2 scrolls of remove curse
 p - a scroll of identify
 q - 2 scrolls of enchant armour
Potions
 b - a potion of might
Books
 m - a book of Clouds

   Spells                             Type                      Level
   a - Mephitic Cloud                 Conjuration/Poison/Air       3
   b - Conjure Flame                  Conjuration/Fire             3
   c - Poisonous Cloud                Conjuration/Poison/Air       6
   d - Freezing Cloud                 Conjuration/Ice/Air          6
   e - Ring of Flames                 Charms/Fire                  7
Comestibles
 e - 3 bread rations
 l - a slice of pizza


   Skills:
 - Level 3.7 Fighting
 * Level 1.7 Axes
 - Level 5.2 Staves
 - Level 1.7 Throwing
 - Level 4.1 Dodging


You had 5 spell levels left.
You didn't know any spells.

Dungeon Overview and Level Annotations

Branches:
Dungeon (6/15)
 Temple: D:4-7

Altars:
Gozag
Qazlal
Yredelemnul
Zin

Shops:
D:4 *

Annotations:
D:4 Edmund
D:5 4thArraOfDagon's ghost, weakling MiFi; Pikel


Innate Abilities, Weirdness & Mutations

You have sharp fingernails.
You sometimes gain a little power by taking damage.
You are immune to rotting.


Message History

There is an escape hatch in the ceiling here.
Unknown command.
* * * LOW HITPOINT WARNING * * *
You feel sick. A mysterious force pulls you upwards.
The hatch slams shut behind you.
The goblin shouts!
A quokka and a hobgoblin come into view.
* * * LOW HITPOINT WARNING * * *
You feel sick. The quokka bites you.
* * * LOW HITPOINT WARNING * * *
The quokka barely misses you.
Found a broad axe.
You barely miss the quokka.
* * * LOW HITPOINT WARNING * * *
You feel sick. The quokka closely misses you. The quokka bites you.
* * * LOW HITPOINT WARNING * * *
Unknown command.
Drink which item? (? for menu, Esc to quit)
Okay, then.
Are you sure you want to abandon this character and quit the game? (Confirm with "yes".)

#..........
#..........
#..........
#....g.....
#..........
#..........
#..........
#..@r...g..
#..........
###########


You could see a quokka, a hobgoblin and a goblin.

Vanquished Creatures
  Sigmund (D:4)
  2 slaves (D:5)
  A phantom (D:4)
  An orc priest (D:3)
  2 orc wizards
  A worker ant (D:5)
  3 adders
  6 oozes
  5 orcs
  2 goblins
  2 hobgoblins (D:3)
  2 kobolds
  A quokka (D:3)
  3 ball pythons
  2 bats (D:1)
  16 giant cockroaches
  4 giant geckos (D:3)
  3 giant newts
  5 jackals
  10 rats
72 creatures vanquished.

Notes
Turn   | Place    | Note
--------------------------------------------------------------
     0 | D:1      | 4thArraOfDagon the Demonspawn Gladiator began the quest for the Orb.
     0 | D:1      | Reached XP level 1. HP: 16/16 MP: 1/1
    33 | D:1      | Found a runed door.
   100 | D:1      | Reached skill level 3 in Staves
   100 | D:1      | Gained mutation: You have sharp fingernails. [demonic ancestry]
   100 | D:1      | Reached XP level 2. HP: 11/22 MP: 2/2
   144 | D:1      | Gained mutation: You sometimes gain a little power by taking damage. [demonic ancestry]
   144 | D:1      | Reached XP level 3. HP: 3/28 MP: 3/3
   377 | D:3      | Found a basalt altar of Yredelemnul.
   415 | D:3      | Reached XP level 4. HP: 27/34 MP: 4/4
   433 | D:3      | Reached skill level 4 in Staves
   541 | D:3      | Reached XP level 5. HP: 32/41 MP: 5/5
   554 | D:3      | Found a glowing drain.
   594 | Sewer    | Entered a sewer
   694 | D:4      | Noticed Sigmund
   701 | D:4      | Killed Sigmund
   701 | D:4      | Reached skill level 5 in Staves
   701 | D:4      | Gained mutation: You are immune to rotting. [demonic ancestry]
   701 | D:4      | Reached XP level 6. HP: 32/47 MP: 6/6
   702 | D:4      | Noticed a phantom
   729 | D:4      | Killed a phantom
   744 | D:4      | Found a stormy altar of Qazlal.
   760 | D:4      | Found Dikots's Assorted Antiques.
   793 | D:4      | Noticed an ogre
   811 | D:5      | Entered Level 5 of the Dungeon
   817 | D:5      | Noticed Pikel
   865 | D:5      | Reached skill level 1 in Axes
  1041 | D:4      | Found an opulent altar of Gozag.
  1041 | D:4      | Found a glowing silver altar of Zin.
  1084 | D:5      | Noticed 4thArraOfDagon's ghost (weakling MiFi)
  1140 | D:4      | Noticed Edmund
  1165 | D:3      | HP: 1/48 [quokka (2)]
  1166 | D:3      | Quit the game

Vault maps used:
D:1:      dpeg_arrival_caged_fury
D:3:      gup_sewer_entry_pipe, yredelemnul_altar_generic
D:4:      grunt_temple_overflow_gold_and_silver, grunt_qazlal_clouds,
          serial_shops, nicolae_shop_statue_plus, first_bread, led_sif_book,
          uniq_edmund, uniq_sigmund
D:5:      uniq_pikel
D:6:      minmay_crossroads
Sewer:    sewer_frog_island_01

Action                   |  1- 3 |  4- 6 || total
-------------------------+-------+-------++-------
Melee: Quarterstaff      |    99 |   118 ||   217
       War axe           |       |    45 ||    45
Throw: Throwing net      |       |     3 ||     3
  Use: Potion            |     2 |     3 ||     5
       Scroll            |     1 |     4 ||     5
 Stab: Held in net/web   |       |     1 ||     1
  Eat: Chunk             |       |     1 ||     1
